 Dungeon Crawl Stone Soup version 0.24.1-14-gf8d2b509d9 (webtiles) character file.

Game seed: 17889414665457493846, levelgen mode: deterministic

20 GimliDwarf the Stinger (level 2, -11/15 HPs)
             Began as a Tengu Venom Mage on June 1, 2023.
             Killed by divine providence
             ... invoked by an orc priest
              (15 damage)
             ... on level 2 of the Dungeon.
             The game lasted 00:03:01 (487 turns).

GimliDwarf the Stinger (Tengu Venom Mage)            Turns: 487, Time: 00:03:02

Health: -11/15     AC:  2    Str:  8    XL:     2   Next: 79%
Magic:  1/6        EV: 12    Int: 15    God:
Gold:   31         SH:  0    Dex: 14    Spells: 2/5 levels left

rFire    . . .     SeeInvis .   d - +1 short sword (vamp)
rCold    . . .     Gourm    .   (no shield)
rNeg     . . .     Faith    .   a - +0 robe
rPois    .         Spirit   .   (helmet restricted)
rElec    .         Reflect  .   (no cloak)
rCorr    .         Harm     .   (no gloves)
MR       .....                  (boots unavailable)
Stlth    ++........             (no amulet)
HPRegen  0.05/turn              (no ring)
MPRegen  0.10/turn              (no ring)

@: very slightly contaminated
A: beak, talons 3
a: no special abilities


You were on level 2 of the Dungeon.
You were not hungry.

You visited 1 branch of the dungeon, and saw 2 of its levels.

You collected 31 gold pieces.

Inventory:

Hand Weapons
 d - a +1 vampiric short sword (weapon)
Armour
 a - a +0 robe (worn)
Scrolls
 b - a scroll of remove curse {unknown}
Potions
 e - a potion of lignification {unknown}
 f - a potion of curing {unknown}
 g - a potion of heal wounds {unknown}
Comestibles
 c - a ration


   Skills:
 - Level 2.1 Dodging
 - Level 2.0 Stealth
 + Level 2.3 Spellcasting
 + Level 1.4 Conjurations
 + Level 0.1 Air Magic
 + Level 3.6 Poison Magic


You had 2 spell levels left.
You knew the following spells:

 Your Spells              Type           Power        Failure   Level  Hunger
a - Sting                 Conj/Pois      #...         8%          1    #......
b - Poisonous Vapours     Pois/Air       #.....       14%         2    ###....

Your spell library contained the following spells:

 Spells                   Type           Power        Failure   Level  Hunger
 Mephitic Cloud           Conj/Pois/Air  #.......     32%         3    ###....
 Olgreb's Toxic Radiance  Pois           ##......     43%         4    #####..
 Venom Bolt               Conj/Pois      #.........   91%         5    ######.


Dungeon Overview and Level Annotations

Branches:
Dungeon (1/15)

Altars:


Innate Abilities, Weirdness & Mutations

You have a beak for a mouth.
You have claws for feet.


Message History

Press: ? - help, Dir - move target cursor, f - orc priest
Aim: an orc priest, wielding a +0 flail You miscast Poisonous Vapours.
You are very lightly contaminated with residual magic.
You feel odd.
You see here a bat corpse.
An orc comes into view. It is wielding a +0 dagger.
The orc shouts!
Casting: Poisonous Vapours (safe; 14% risk of failure)
Confirm with . or Enter, or press ? or * to list all spells.
Aiming: Sting (safe; 8% risk of failure)
Press: ? - help, Shift-Dir - straight line, f/p - orc priest
Aim: an orc priest, wielding a +0 flail The sting hits the orc priest.
The orc priest is poisoned.
The orc priest is lightly wounded.
The orc priest miscasts a cantrip.
The orc priest calls down the wrath of Beogh upon you.
Beogh smites you!
Ouch! That really hurt!
You die...

.... ....
...
..########.
......)...
......S..
#....# #@#
S......#.#
.......#.#
#####..#.#
#$$$#..#.#
#[$(#..#o#
#)"(#!.#o#
#####..#)#
...^.....#


You could see an orc priest, an adder (wandering) and an orc.

Vanquished Creatures
  An ooze (D:1)
  An orc (D:2)
  A bat (D:2)
  A goblin (D:1)
  A hobgoblin (D:1)
  3 jackals (D:2)
  2 kobolds (D:1)
  A frilled lizard (D:1)
  2 rats (D:1)
13 creatures vanquished.

Notes
Turn   | Place    | Note
-------+----------+-------------------------------------------
     0 | D:1      | GimliDwarf the Tengu Venom Mage began the quest for the
                  | Orb.
     0 | D:1      | Reached XP level 1. HP: 10/10 MP: 4/4
   239 | D:1      | Reached XP level 2. HP: 12/15 MP: 6/6
   243 | D:1      | Learned a level 2 spell: Poisonous Vapours
   440 | D:1      | You fall into a shaft and drop 1 floor!
   487 | D:2      | Killed from afar by an orc priest

Levels and vault maps discovered:
D:1:      evilmike_arrival_rings, layout_basic
D:2:      layout_basic, due_unseen_surprise, uniq_jessica

Action                   || total
-------------------------++-------
Melee: Short sword       ||    19
       Peck              ||     6
       Kick              ||     4
 Cast: Sting             ||    19
       Poisonous Vapours ||     2
Armor: Robe              ||     2
Dodge: Dodged            ||    13
